 Dungeon Crawl Stone Soup version 0.28.0-1-gb440e238dd (webtiles) character file.

Game seed: 15679194695399214048

234 spiderapocalypse the Shield-Bearer (level 6, -9/53 HPs)
             Began as a Gnoll Fighter on Feb 19, 2022.
             Mangled by Edmund (12 damage)
             ... on level 4 of the Dungeon.
             The game lasted 00:17:27 (3010 turns).

spiderapocalypse the Shield-Bearer (Gnoll Fighter)  Turns: 3010, Time: 00:17:27

Health: -9/53      AC:  7    Str: 16    XL:     6   Next: 5%
Magic:  8/8        EV:  9    Int:  7    God:
Gold:   161        SH:  5    Dex: 13    Spells: 8/8 levels left

rFire   . . .      SeeInvis .   a - +0 flail
rCold   . . .      Faith    .   c - +0 buckler
rNeg    . . .      Spirit   .   b - +0 scale mail
rPois   .          Reflect  .   (no helmet)
rElec   .          Harm     .   (no cloak)
rCorr   .          Rampage  .   (no gloves)
Will    .....                   (no boots)
Stlth   ..........              (no amulet)
HPRegen 0.17/turn               (no ring)
MPRegen 0.11/turn               (no ring)

@: no status effects
A: fangs 1, strong nose, distributed training
a: no special abilities


You were on level 4 of the Dungeon.
You visited 1 branch of the dungeon, and saw 4 of its levels.

You collected 161 gold pieces.

Inventory:

Hand Weapons
 a - a +0 flail (weapon)
 e - a +0 spear
 g - a +0 dagger
 i - a +0 dagger
 m - a +0 club
 p - a +0 short sword
 v - a +0 spear
 w - a +0 spear
 x - a +0 club
 y - a +0 whip
 z - a +0 club
 E - a +0 dagger
 H - a +0 club
 I - a +0 hand axe
 K - a +0 dagger
 L - a +0 hunting sling
 N - a +0 dagger
 Q - a +0 short sword
 T - a +0 flail
 X - a +0 trident
Missiles
 f - 30 stones (quivered)
 j - 5 boomerangs
 s - 78 arrows
 F - 11 bolts
 W - 2 poisoned darts
Armour
 b - a +0 scale mail (worn)
 c - a +0 buckler (worn)
 o - a +0 ring mail
 A - the +0 leather armour of Snakes and Ladders {Int+3}
   (You took it off a goblin on level 2 of the Dungeon)

   Int:       It affects your intelligence (+3).
 B - a +0 buckler
 G - a +0 robe
 O - a +0 scale mail
 U - a +0 leather armour
Jewellery
 C - a ring of protection from cold
 J - a ring of ice
Scrolls
 h - 4 scrolls of identify {unknown}
 l - 3 scrolls of blinking {unknown}
 q - 3 scrolls of summoning {unknown}
 D - a scroll of noise {unknown}
 P - a scroll of magic mapping {unknown}
 R - a scroll of amnesia {unknown}
 S - a scroll of enchant weapon {unknown}
Potions
 d - 2 potions of might
 k - a potion of lignification {unknown}
 n - 3 potions of brilliance {unknown}
 r - a potion of haste {unknown}
 t - 2 potions of heal wounds {unknown}
 u - 2 potions of flight {unknown}
 M - a potion of curing {unknown}
 V - a potion of attraction {unknown}


   Skills:
 + Level 6.7 Fighting
 + Level 1.7 Short Blades
 + Level 1.7 Long Blades
 + Level 1.7 Axes
 + Level 4.9 Maces & Flails
 + Level 1.7 Polearms
 + Level 1.7 Staves
 + Level 1.7 Slings
 + Level 1.7 Bows
 + Level 1.7 Crossbows
 + Level 1.7 Throwing
 + Level 6.7 Armour
 + Level 1.7 Dodging
 + Level 1.7 Stealth
 + Level 6.7 Shields
 + Level 1.7 Unarmed Combat
 + Level 1.7 Spellcasting
 + Level 1.3 Conjurations
 + Level 1.3 Hexes
 + Level 1.3 Summonings
 + Level 1.3 Necromancy
 + Level 1.3 Translocations
 + Level 1.3 Transmutations
 + Level 1.3 Fire Magic
 + Level 1.3 Ice Magic
 + Level 1.3 Air Magic
 + Level 1.3 Earth Magic
 + Level 1.3 Poison Magic
 + Level 2.0 Invocations
 + Level 1.7 Evocations


You had 8 spell levels left.
You didn't know any spells.
Your spell library was empty.

Dungeon Overview and Level Annotations

Branches:
Dungeon (4/15)
 Temple: D:4-7

Altars:

Annotations:
D:4 Edmund


Innate Abilities, Weirdness & Mutations

You have very sharp teeth.
Your uncanny sense of smell can sniff out nearby items.
Your experience applies equally to all skills.


Message History

You closely miss the orc. You block the orc's attack.
You sock the orc!
You kill the orc!
Items here: ))) [[ ††.
Items here: ))) [[ ††.
Okay, then.
Okay, then.
Items here: ))) [[ ††.
Okay, then.
f - 30 stones (gained 1)
There are no items here.
You see here a black bear corpse.
Edmund the Younger comes into view.
He is wielding a +0 dire flail of distortion.
Throw: 3 darts (poison)
Press: ? - help, Shift-Dir - straight line, f - Edmund
Aim: Edmund, wielding a +0 dire flail of distortion and wearing a +0 scale mail (64% to hit)
You throw a poisoned dart. The poisoned dart hits Edmund.
Edmund is poisoned.
You closely miss Edmund.
Edmund is lightly wounded.
Edmund hits you with a +0 dire flail of distortion.
Space warps around you. You block Edmund's attack.
You hit Edmund.
Edmund is lightly wounded.
Edmund hits you with a +0 dire flail of distortion!
Space warps horribly around you!!
You hit Edmund but do no damage.
Edmund is lightly wounded.
Edmund hits you but does no damage. Space warps horribly around you!
* * * LOW HITPOINT WARNING * * *
Unknown command.
You barely miss Edmund.
Edmund is lightly wounded.
Edmund looks more healthy.
You block Edmund's attack.
You closely miss Edmund. Your bite misses Edmund.
Edmund is lightly wounded.
Edmund barely misses you.
You hit Edmund.
Edmund is lightly wounded.
Edmund hits you with a +0 dire flail of distortion!
You die...

... ### ...
..# #... ..#
#(# ..#.
#.####@#
#.#.##.#...@#
#.#..#.#.####
#.##.#.#.#
#.##.#...#
#.##.#.###
#...)..#
#<##...#
#.##...#
#.##.#†####


You could see Edmund.

Vanquished Creatures
  A black bear (D:4)
  4 gnolls (D:2)
  3 adders (D:2)
  A worm (D:3)
  3 dart slugs
  6 orcs
  7 bats
  8 endoplasms
  4 giant cockroaches
  3 goblins
  A hobgoblin (D:1)
  3 kobolds
  A quokka (D:1)
  9 ball pythons
  3 frilled lizards
  6 rats
63 creatures vanquished.

Vanquished Creatures (others)
  4 plants (D:1)
4 creatures vanquished.

Grand Total: 67 creatures vanquished

Notes
Turn   | Place    | Note
-------+----------+-------------------------------------------
     0 | D:1      | spiderapocalypse the Gnoll Fighter began the quest for the
                  | Orb.
     0 | D:1      | Reached XP level 1. HP: 23/23 MP: 1/1
    77 | D:1      | Reached XP level 2. HP: 29/29 MP: 2/2
   256 | D:1      | Found a faded altar of an unknown god.
   600 | D:1      | Reached XP level 3. HP: 35/35 MP: 3/3
   873 | D:2      | Reached skill level 1 in Invocations
   888 | D:2      | Reached skill level 1 in Short Blades
   888 | D:2      | Reached skill level 1 in Long Blades
   888 | D:2      | Reached skill level 1 in Axes
   888 | D:2      | Reached skill level 1 in Polearms
   888 | D:2      | Reached skill level 1 in Staves
   888 | D:2      | Reached skill level 1 in Slings
   888 | D:2      | Reached skill level 1 in Bows
   888 | D:2      | Reached skill level 1 in Crossbows
   888 | D:2      | Reached skill level 1 in Throwing
   888 | D:2      | Reached skill level 1 in Dodging
   888 | D:2      | Reached skill level 1 in Stealth
   888 | D:2      | Reached skill level 1 in Unarmed Combat
   888 | D:2      | Reached skill level 1 in Spellcasting
   888 | D:2      | Reached skill level 1 in Evocations
   888 | D:2      | Reached XP level 4. HP: 8/41 MP: 5/5
   895 | D:2      | HP: 1/41 [gnoll (4)]
  1057 | D:2      | HP: 2/41 [adder (2)]
  1095 | D:2      | Reached skill level 1 in Conjurations
  1095 | D:2      | Reached skill level 1 in Hexes
  1095 | D:2      | Reached skill level 1 in Summonings
  1095 | D:2      | Reached skill level 1 in Necromancy
  1095 | D:2      | Reached skill level 1 in Translocations
  1095 | D:2      | Reached skill level 1 in Transmutations
  1095 | D:2      | Reached skill level 1 in Fire Magic
  1095 | D:2      | Reached skill level 1 in Ice Magic
  1095 | D:2      | Reached skill level 1 in Air Magic
  1095 | D:2      | Reached skill level 1 in Earth Magic
  1095 | D:2      | Reached skill level 1 in Poison Magic
  1323 | D:2      | Identified the +0 leather armour of Snakes and Ladders
                  | {Int+3}
  2394 | D:3      | Reached XP level 5. HP: 46/47 MP: 6/6
  2892 | D:4      | Noticed a black bear
  2900 | D:4      | Killed a black bear
  2901 | D:4      | Reached XP level 6. HP: 46/53 MP: 8/8
  3003 | D:4      | Noticed Edmund
  3007 | D:4      | HP: 2/53 [Edmund (14)]
  3010 | D:4      | Mangled by Edmund

Illustrated notes

Levels and vault maps discovered:
D:1:      eino_arrival_cavern_b, layout_basic, shapermc_ecumenical_altar_ellora
D:2:      layout_loops_ring, minmay_fractal_squares_gapless_5
D:3:      layout_basic
D:4:      layout_basic, eat_drink_and_be_merry_uskayaw, serial_shops,
          nicolae_diamond_shop, uniq_edmund

Skill      XL: |  1  2  3  4  5 |
---------------+----------------+-----
Invocations    | 1 2 |  2.0
Short Blades   | 1 |  1.7
Long Blades    | 1 |  1.7
Axes           | 1 |  1.7
Polearms       | 1 |  1.7
Staves         | 1 |  1.7
Slings         | 1 |  1.7
Bows           | 1 |  1.7
Crossbows      | 1 |  1.7
Throwing       | 1 |  1.7
Dodging        | 1 |  1.7
Stealth        | 1 |  1.7
Unarmed Combat | 1 |  1.7
Spellcasting   | 1 |  1.7
Evocations     | 1 |  1.7
Conjurations   | 1 |  1.3
Hexes          | 1 |  1.3
Summonings     | 1 |  1.3
Necromancy     | 1 |  1.3
Translocations | 1 |  1.3
Transmutations | 1 |  1.3
Fire Magic     | 1 |  1.3
Ice Magic      | 1 |  1.3
Air Magic      | 1 |  1.3
Earth Magic    | 1 |  1.3
Poison Magic   | 1 |  1.3
Fighting       | |  6.7
Maces & Flails | |  4.9
Armour         | |  6.7
Shields        | |  6.7

Action                   |  1- 3 |  4- 6 || total
-------------------------+-------+-------++-------
Melee: Flail             |    78 |   118 ||   196
       Bite              |     7 |     8 ||    15
Throw: Boomerang         |     7 |     4 ||    11
       Stone             |     1 |     1 ||     2
       Dart              |       |     6 ||     6
Armor: Scale mail        |    34 |    58 ||    92
Dodge: Dodged            |    27 |    67 ||    94
Block: Buckler           |    17 |    32 ||    49
